 Dungeon Crawl Stone Soup version 0.29.1-15-g9cfb28693d (webtiles) character file.

Game seed: 7986748533958773948

295 Smoke131 the Digger (level 6, 0/32 HPs)
             Began as a Gargoyle Earth Elementalist on Mar 1, 2023.
             Slain by an orc wizard
             ... wielding a +0 vampiric dagger
              (1 damage)
             ... on level 3 of the Dungeon.
             The game lasted 00:08:57 (2584 turns).

Smoke131 the Digger (Gargoyle Earth Elementalist)   Turns: 2584, Time: 00:08:58

Health: 0/32       AC:  6    Str: 11    XL:     6   Next: 34%
Magic:  9/11       EV: 16    Int: 18    God:
Gold:   145        SH:  0    Dex: 10    Spells: 8/11 levels left

rFire   . . .      SeeInvis .   d - +0 spear
rCold   . . .      Faith    .   (no shield)
rNeg    + . .      Spirit   .   a - +0 robe
rPois   ∞          Reflect  .   (no helmet)
rElec   +          Harm     .   (no cloak)
rCorr   .          Rampage  .   (no gloves)
Will    .....                   (no boots)
Stlth   ++........              (no amulet)
HPRegen 0.10/turn               j - +4 ring of evasion
MPRegen 0.12/turn               (no ring)

@: no status effects
A: sickness immunity, AC +4, negative energy resistance 1, electricity
resistance, torment resistance 1, petrification resistance
a: no special abilities


You were on level 3 of the Dungeon.
You visited 1 branch of the dungeon, and saw 3 of its levels.

You collected 145 gold pieces.

Inventory:

Hand Weapons
 d - a +0 spear (weapon)
Missiles
 m - a throwing net
Armour
 a - a +0 robe (worn)
Jewellery
 j - a +4 ring of evasion (left hand)
Wands
 n - a wand of mindburst (10)
Scrolls
 c - a scroll of blinking {unknown}
 h - 3 scrolls of identify {unknown}
 o - 2 scrolls of immolation
 q - a scroll of vulnerability {unknown}
 r - a scroll of fog {unknown}
 u - a scroll of enchant weapon {unknown}
 v - a scroll of torment {unknown}
 w - a scroll of noise {unknown}
Potions
 b - a potion of magic
 e - a potion of cancellation {unknown}
 f - a potion of attraction {unknown}
 g - a potion of curing {unknown}
 i - a potion of might {unknown}
 k - 2 potions of invisibility {unknown}
 l - a potion of haste {unknown}
 p - a potion of lignification {unknown}
 s - a potion of brilliance {unknown}
 t - a potion of resistance {unknown}


   Skills:
 + Level 3.0 Dodging
 - Level 2.1 Stealth
 + Level 3.4 Spellcasting
 + Level 2.5 Transmutations
 + Level 5.1 Earth Magic


You had 8 spell levels left.
You knew the following spells:

 Your Spells              Type           Power      Damage    Failure   Level
a - Sandblast             Erth           42%        2d11      1%          1
b - Passwall              Tmut/Erth      13%        N/A       4%          2

Your spell library contained the following spells:

 Spells                   Type           Power      Damage    Failure   Level
 Beastly Appendage        Tmut           24%        N/A       5%          1
 Wereblood                Tmut           12%        N/A       9%          2
 Slow                     Hex            12%        N/A       16%         1
 Stone Arrow              Conj/Erth      24%        3d8       16%         3
 Spider Form              Tmut/Pois      7%         N/A       28%         3
 Petrify                  Tmut/Erth      16%        N/A       32%         4
 Confusing Touch          Hex            3%         N/A       43%         3
 Vampiric Draining        Necr           3%         2d6       43%         3


Dungeon Overview and Level Annotations

Branches:
Dungeon (3/15)

Altars:
Trog


Innate Abilities, Weirdness & Mutations

You are immune to sickness and miasma.
Your stone body is resilient. (AC +4)
You are immune to poison.
You resist negative energy. (rN+)
You are resistant to electric shocks. (rElec)
You are resistant to unholy torment.
You are immune to petrification.


Message History

You hear some strange, mumbled words.
A puff of flame appears from out of thin air!
The puff of flame hits you!
You miss something. Something hits you but does no damage.
You bump into the rock wall.
Something hits you.
You bump into the rock wall.
You feel less confused. Something hits you but does no damage.
You miss something. Something hits you but does no damage.
You barely miss something. Something hits you.
* * * LOW HITPOINT WARNING * * *
You closely miss something. Something hits you but does no damage.
You miss something. Something hits you but does no damage.
You hit something. Something completely misses you.
You barely miss something.
Something hits you but does no damage. x2
You closely miss something.
You hear some strange, mumbled words.
A puff of flame appears from out of thin air!
The puff of flame hits you.
* * * LOW HITPOINT WARNING * * *
Casting: Sandblast (safe; 1% risk of failure)
Confirm with . or Enter, or press ? or * to list all spells.
You can't see any susceptible monsters within range! (Use Z to cast anyway.)
Casting: Sandblast (safe; 1% risk of failure)
Confirm with . or Enter, or press ? or * to list all spells.
Aiming: Sandblast (safe; 1% risk of failure)
Press: ? - help, Shift-Dir - straight line The blast of sand hits something.
You hear some strange, mumbled words.
A puff of flame appears from out of thin air!
The puff of flame misses you.
Casting: Sandblast (safe; 1% risk of failure)
Confirm with . or Enter, or press ? or * to list all spells.
Aiming: Sandblast (safe; 1% risk of failure)
Press: ? - help, Shift-Dir - straight line The blast of sand hits something but does no damage.
Something hits you.
* * * LOW HITPOINT WARNING * * *
Something hits you.
You die...

# ######......##### #
#...............#
#########.#####.....###.## .
..................)....# .
..#####.#####.###.###..# #
#.#####.# #.# #.# #..# #
#.......#####.# #.# #..#
########........###.# #..#
...............{@...# #..#
########.############ #..#
#.# #..# ########.#
#####..#### .......#.#
#..)......# ######.#.#
#.###.###.#
.......#.##########.# #.# #.#
8...8..#..........#.###.###)#
..........#######.#.........#


There were no monsters in sight!

Vanquished Creatures
  The ghost of Arctor the Magician, an amateur GrHW (D:3)
  A scorpion (D:3)
  Jessica (D:2)
  Terence (D:2)
  2 adders
  A worm (D:2)
  2 dart slugs (D:2)
  2 orcs
  3 ball pythons
  2 endoplasms (D:2)
  3 giant cockroaches
  6 goblins
  3 hobgoblins
  2 jackals (D:2)
  3 quokkas
  7 bats
  2 frilled lizards (D:2)
  5 kobolds
  4 rats
51 creatures vanquished.

Notes
Turn   | Place    | Note
-------+----------+-------------------------------------------
     0 | D:1      | Smoke131 the Gargoyle Earth Elementalist began the quest
                  | for the Orb.
     0 | D:1      | Reached XP level 1. HP: 10/10 MP: 3/3
     6 | D:1      | Noticed a polar bear
     6 | D:1      | Noticed a killer bee
     6 | D:1      | Noticed a wolf
     6 | D:1      | Noticed an eight-headed hydra
     6 | D:1      | Noticed a swamp worm
   109 | D:1      | Reached skill level 1 in Transmutations
   124 | D:1      | Reached XP level 2. HP: 15/15 MP: 3/5
   247 | D:1      | Found a faded altar of an unknown god.
   817 | D:2      | Reached skill level 4 in Earth Magic
   819 | D:2      | Reached XP level 3. HP: 13/19 MP: 2/6
  1168 | D:2      | Found a bloodstained altar of Trog.
  1320 | D:2      | Noticed Jessica
  1359 | D:2      | Killed Jessica
  1360 | D:2      | Reached XP level 4. HP: 16/24 MP: 5/8
  1491 | D:2      | Learned a level 2 spell: Passwall
  1698 | D:2      | Noticed Terence
  1708 | D:2      | Killed Terence
  1936 | D:3      | Reached XP level 5. HP: 27/28 MP: 9/9
  2034 | D:3      | Found a runed translucent door.
  2034 | D:3      | Noticed Arctor's ghost (amateur GrHW)
  2062 | D:3      | HP: 1/28 [Arctor's ghost/magic dart (6)]
  2065 | D:3      | Killed Arctor's ghost
  2066 | D:3      | Reached skill level 5 in Earth Magic
  2066 | D:3      | Reached XP level 6. HP: 1/32 MP: 0/11
  2584 | D:3      | HP: 1/32 [something (1)]
  2584 | D:3      | Slain by an orc wizard

Illustrated notes

Levels and vault maps discovered:
D:1:      onia_arrival_zoo_common, layout_rooms,
          dreamdust_ecumenical_altar_statues
D:2:      layout_rooms, basic_altar, corexii_corridor_pit, uniq_jessica,
          uniq_terence
D:3:      cheibrodos_pilgrimage, layout_loops_ring,
          mainiacjoe_overflow_surrounded_room, ebering_ghost_inner_flame

Skill      XL: |  1  2  3  4  5  6 |
---------------+-------------------+-----
Transmutations | 1 2 |  2.5
Earth Magic    | 4 5 |  5.1
Dodging        | 2 3 |  3.0
Spellcasting   | 3 |  3.4
Stealth        | |  2.1

Action                   |  1- 3 |  4- 6 || total
-------------------------+-------+-------++-------
Melee: Spear             |   100 |    58 ||   158
 Cast: Sandblast         |    23 |    26 ||    49
Evoke: Wand              |       |     3 ||     3
 Stab: Sleeping          |       |     4 ||     4
Armor: Robe              |    39 |    27 ||    66
Dodge: Dodged            |    92 |    49 ||   141
